Map: Goldenaura LE

Players

MiKasa

  • Race: Terran Terran
  • League: Grandmaster
  • Spawn Location: 5:00

CristianoX - Winner!

  • Race: Protoss Protoss
  • League: Grandmaster
  • Spawn Location: 12:00

VOD

Have the link to the VOD?

Description

Time

  • Played on: Aug. 27, 2024, 2:40 a.m.
  • Length: 20:55
Show
View Real Time Build Order
Export as new Build Order

MiKasa Terran 

Build Orders: Cyclone Opening, Mech 

Get SALT Encoding   

  12  0:01  SCV  
  13  0:13  SCV  
  14  0:21  Supply Depot  
  14  0:25  SCV  
  15  0:30  Refinery  
  15  0:42  SCV  
  16  0:45  Barracks  
  16  0:54  SCV  
  16  0:55  Refinery  
  17  1:06  SCV  
  18  1:19  SCV  
  19  1:32  Orbital Command  
  19  1:33  Marine  
  20  1:40  Factory  
  20  1:52  Barracks Reactor  
  20  1:53  Supply Depot  
  20  1:58  SCV  
  21  2:11  SCV  
  22  2:27  Command Center  
  22  2:39  Cyclone  
  22  2:40  Cyclone  
  22  2:43  SCV  
  27  2:51  Starport  
  27  2:56  SCV  
  28  3:00  Supply Depot  
  28  3:12  Cyclone  
  30  3:20  SCV  
  30  3:22  Cyclone  
  33  3:28  Starport Tech Lab  
  33  3:30  Barracks Tech Lab  
  33  3:33  SCV  
  34  3:39  Orbital Command  
  34  3:52  Banshee, Cloaking Field  
  37  3:57  Orbital Command  
  37  4:00  SCV  
  38  4:04  Marine x2  
  40  4:11  Bunker  
  40  4:12  SCV  
  40  4:14  Siege Tank  
  44  4:19  Refinery  
  44  4:28  SCV  
  44  4:31  Supply Depot  
  44  4:34  Banshee  
  44  4:35  SCV  
  48  4:39  Marine  
  48  4:40  Marine  
  48  4:43  SCV  
  51  4:52  Siege Tank  
  54  4:54  SCV  
  55  5:00  SCV  
  55  5:06  Marine x2, SCV, Supply Depot  
  59  5:21  Command Center  
  59  5:23  SCV  
  59  5:26  Refinery  
  59  5:28  Supply Depot  
  60  5:32  Marine x2  
  62  5:39  Siege Tank  
  65  5:46  SCV x2  
  67  5:58  SCV  
  67  5:59  Marine  
  67  6:01  SCV  
  64  6:09  Armory  
  64  6:10  Armory  
  64  6:12  Siege Tank  
  64  6:18  SCV x2  
  69  6:30  SCV x2  
  71  6:33  Marine x2  
  71  6:34  Factory  
  71  6:37  Orbital Command  
  71  6:38  Factory  
  73  6:42  SCV  
  73  6:43  SCV  
  75  6:48  Siege Tank  
  75  6:49  Starport Tech Lab  
  78  6:55  SCV x2  
  78  6:58  Infernal Pre-Igniter  
  78  7:00  Terran Vehicle Weapons Level 1, Terran Vehicle And Ship Armor Level 1  
  80  7:09  Supply Depot  
  80  7:10  Supply Depot  
  80  7:11  Engineering Bay  
  80  7:12  SCV x2  
  80  7:13  Orbital Command  
  82  7:23  Raven  
  82  7:24  SCV x2  
  82  7:25  Factory Tech Lab  
  86  7:30  Refinery  
  86  7:33  Refinery  
  86  7:36  SCV, Bunker  
  87  7:38  SCV  
  87  7:39  Bunker  
  87  7:40  Interference Matrix  
  87  7:41  Siege Tank, Bunker  
  87  7:43  SCV  
  92  7:48  SCV  
  93  7:53  SCV, Missile Turret  
  93  7:54  Supply Depot  
  93  7:55  Missile Turret  
  93  7:56  SCV  
  95  8:00  SCV  
  95  8:04  Siege Tank  
  99  8:06  Hurricane Engines  
  99  8:09  SCV  
  99  8:10  Supply Depot  
  99  8:11  Supply Depot  
  100  8:17  Raven  
  102  8:22  Missile Turret  
  102  8:23  SCV  
  102  8:24  SCV, Supply Depot, Missile Turret  
  104  8:37  SCV x3, Command Center  
  107  8:41  Hellion x2  
  111  8:48  Factory  
  111  8:50  Factory  
  111  8:52  Siege Tank  
  114  8:58  Terran Vehicle Weapons Level 2  
  114  9:04  Terran Vehicle And Ship Armor Level 2, Starport Reactor  
  114  9:06  Hellion x2  
  118  9:11  Supply Depot  
  118  9:13  SCV  
  118  9:14  Missile Turret  
  119  9:17  Missile Turret  
  119  9:18  SCV  
  119  9:21  Siege Tank  
  119  9:22  Missile Turret  
  119  9:23  SCV  
  124  9:28  Hellion x2  
  128  9:32  Siege Tank  
  128  9:37  Factory, Factory Reactor  
  131  9:39  SCV x2  
  131  9:40  SCV  
  131  9:44  Liberator  
  131  9:45  Liberator  
  137  9:51  SCV  
  137  9:52  SCV x2  
  143  9:56  Supply Depot  
  143  10:01  Sensor Tower  
  143  10:03  Refinery  
  143  10:04  Sensor Tower, SCV x2  
  143  10:05  Refinery  
  145  10:07  Thor  
  145  10:08  Siege Tank  
  145  10:12  SCV  
  145  10:13  Missile Turret  
  155  10:18  Hellion x2  
  155  10:19  Hellion x2  
  155  10:20  Factory Tech Lab  
  163  10:24  Planetary Fortress  
  163  10:27  SCV  
  164  10:34  Supply Depot  
  164  10:35  Supply Depot  
  164  10:36  Siege Tank  
  164  10:38  SCV  
  168  10:44  Siege Tank  
  168  10:46  Supply Depot  
  168  10:47  Supply Depot  
  168  10:49  Siege Tank, Liberator  
  177  10:50  Liberator  
  180  10:59  Cyclone x2, Siege Tank  
  187  11:05  SCV x2  
  189  11:17  Terran Vehicle Weapons Level 3  
  189  11:18  Command Center  
  189  11:21  Terran Vehicle And Ship Armor Level 3  
  189  11:27  Thor  
  195  11:44  Liberator  
  198  11:55  Command Center  
  195  12:05  Siege Tank x2  
  180  12:17  Liberator  
  180  12:18  Siege Tank x2, Hellion  
  159  12:24  Hellion  
  159  12:26  Hellion  
  159  12:27  Liberator  
  134  12:36  Hellion  
  134  12:37  Siege Tank x2  
  139  12:39  Factory x2  
  139  12:40  Hellion  
  139  12:42  SCV x3  
  144  12:45  Hellion  
  144  12:47  Hellion  
  144  12:50  Siege Tank  
  144  12:51  Siege Tank  
  154  12:57  Cyclone, Command Center  
  156  13:01  Cyclone  
  158  13:06  Hellion  
  158  13:07  Fusion Core  
  158  13:08  Hellion  
  158  13:09  Siege Tank x2  
  158  13:12  Planetary Fortress  
  168  13:13  Orbital Command  
  168  13:14  Hellion x3  
  168  13:15  Hellion  
  168  13:22  Siege Tank, Thor  
  168  13:26  Refinery  
  179  13:27  Hellion x2  
  179  13:28  Refinery, Hellion  
  179  13:30  Hellion  
  179  13:33  Missile Turret  
  187  13:34  Hellion  
  187  13:41  Siege Tank  
  190  13:42  Thor  
  196  13:55  Siege Tank  
  193  14:02  Factory Tech Lab  
  191  14:03  Factory Tech Lab  
  191  14:05  Siege Tank  
  194  14:11  Advanced Ballistics  
  194  14:13  Siege Tank  
  194  14:16  Terran Ship Weapons Level 1  
  197  14:18  Command Center  
  197  14:22  Missile Turret  
  197  14:24  Planetary Fortress  
  197  14:25  Siege Tank  
  190  14:32  Siege Tank x2, Hellion  
  190  14:35  Siege Tank  
  190  14:37  Liberator  
  190  14:38  Siege Tank, Hellion  
  156  14:51  Starport  
  156  14:53  Cyclone, Siege Tank  
  156  14:54  Cyclone  
  163  15:01  Starport  
  163  15:03  Starport  
  163  15:05  Siege Tank  
  163  15:07  Hellion  
  163  15:10  Siege Tank x2  
  163  15:12  Hellion  
  163  15:13  SCV  
  174  15:22  Command Center  
  174  15:26  Siege Tank x2  
  177  15:28  Siege Tank  
  180  15:43  Siege Tank x2  
  180  15:44  Thor  
  180  15:46  Hellion x2  
  174  15:59  Siege Tank, Hellion  
  174  16:02  Siege Tank  
  174  16:03  Hellion x2  
  177  16:07  Starport Tech Lab, Cyclone x2  
  177  16:08  Starport Tech Lab  
  181  16:16  Thor  
  187  16:21  Hellion x2  
  187  16:24  Hellion x2  
  192  16:28  Hellion  
  192  16:32  Banshee x2  
  119  16:52  Siege Tank x2  
  100  17:05  Siege Tank  
  103  17:13  Starport Tech Lab  
  103  17:15  Banshee x2  
  111  17:22  Cyclone  
  111  17:23  Hellion  
  111  17:28  Siege Tank  
  111  17:29  Hellion  
  118  17:35  Siege Tank  
  125  17:37  Hellion x2  
  125  17:42  Banshee  
  130  17:44  Hellion x2  
  130  17:50  Siege Tank  
  135  17:52  SCV x4  
  135  17:53  SCV  
  135  17:58  Banshee x2  
  143  18:00  Planetary Fortress  
  143  18:02  SCV  
  147  18:13  Siege Tank  
  147  18:14  Hellion  
  147  18:16  Hellion  
  139  18:24  Banshee  
  130  18:27  Orbital Command  
  130  18:30  SCV x2  
  128  18:41  Cyclone x2, Banshee x2  
  134  18:42  Cyclone, Hellion x2  
  134  18:46  Refinery  
  144  18:50  Cyclone  
  144  18:53  Cyclone  
  148  18:56  Refinery  
  148  18:59  Hellion  
  148  19:00  Refinery  
  150  19:03  Refinery  
  150  19:04  Cyclone  
  150  19:08  Cyclone  
  154  19:15  Missile Turret  
  154  19:16  Cyclone  
  160  19:17  Hellion x3  
  160  19:21  Banshee  
  165  19:30  Siege Tank  
  168  19:32  Hellion x2  
  168  19:33  Hellion  
  174  19:40  Raven  
  174  19:41  Hellion x2  
  174  19:42  Hellion x2  
  181  19:52  Siege Tank  
  166  19:55  Cyclone  
  166  19:59  Cyclone  
  140  20:16  Orbital Command  
  140  20:18  Cyclone x3  
  146  20:22  Cyclone  
  146  20:23  Hellion  
Show
View Real Time Build Order
Export as new Build Order

CristianoX Protoss - Winner!

Build Orders: 1 Gate Expand, Blink Stalkers 

Get SALT Encoding   

  12  0:00  Probe  
  13  0:12  Probe  
  14  0:17  Pylon  
  14  0:24  Probe (Chrono Boost)  
  15  0:36  Probe (Chrono Boost)  
  15  0:38  Gateway  
  16  0:44  Probe (Chrono Boost)  
  16  0:47  Assimilator  
  17  0:51  Probe  
  18  1:03  Probe  
  19  1:15  Probe  
  20  1:23  Nexus  
  20  1:33  Cybernetics Core  
  20  1:36  Probe  
  21  1:41  Assimilator  
  21  1:48  Probe  
  21  1:51  Pylon  
  22  2:00  Probe  
  23  2:07  Stalker (Chrono Boost)  
  23  2:11  Warp Gate  
  23  2:12  Probe  
  26  2:21  Twilight Council  
  26  2:24  Probe (Chrono Boost)  
  27  2:33  Stalker  
  27  2:36  Probe (Chrono Boost)  
  29  2:41  Probe (Chrono Boost)  
  29  2:43  Probe (Chrono Boost)  
  30  2:49  Robotics Facility  
  31  2:52  Probe  
  31  2:54  Probe  
  33  3:03  Gateway  
  33  3:09  Shield Battery  
  33  3:11  Probe  
  33  3:12  Probe  
  35  3:15  Blink (Chrono Boost)  
  35  3:23  Probe  
  35  3:24  Probe  
  37  3:30  Pylon  
  37  3:35  Probe, Observer  
  37  3:36  Probe  
  40  3:42  Assimilator x2  
  40  3:49  Probe  
  40  3:50  Probe  
  40  3:53  Observer  
  42  3:55  Gateway  
  42  3:56  Gateway  
  42  4:03  Probe  
  42  4:04  Probe  
  42  4:06  Stalker  
  42  4:09  Stalker  
  48  4:15  Observer  
  48  4:16  Probe x2  
  50  4:20  Robotics Bay  
  50  4:22  Shield Battery  
  50  4:23  Pylon  
  50  4:29  Probe x2  
  52  4:32  Stalker  
  52  4:37  Pylon  
  54  4:41  Probe x2  
  54  4:44  Stalker  
  58  4:52  Stalker x2  
  62  4:54  Observer  
  62  4:56  Pylon  
  62  5:00  Forge  
  61  5:17  Nexus  
  61  5:20  Pylon  
  65  5:33  Stalker x2  
  69  5:37  Stalker  
  69  5:42  Observer (Chrono Boost)  
  57  5:54  Probe  
  57  5:55  Probe  
  54  5:58  Observer (Chrono Boost)  
  53  6:07  Probe x2 (Chrono Boost)  
  55  6:18  Charge (Chrono Boost), Protoss Ground Weapons Level 1 (Chrono Boost)  
  57  6:19  Probe x2 (Chrono Boost)  
  58  6:25  Probe (Chrono Boost)  
  58  6:26  Probe (Chrono Boost)  
  58  6:29  Probe (Chrono Boost)  
  60  6:37  Sentry, Photon Cannon  
  60  6:38  Probe (Chrono Boost)  
  60  6:39  Probe (Chrono Boost)  
  65  6:40  Probe (Chrono Boost)  
  65  6:44  Probe (Chrono Boost)  
  65  6:45  Probe  
  67  6:49  Probe  
  67  6:51  Zealot x3  
  74  6:56  Probe  
  74  6:57  Probe  
  77  7:01  Probe  
  77  7:09  Probe  
  77  7:10  Probe  
  77  7:11  Sentry  
  77  7:12  Zealot, Sentry x2  
  77  7:13  Probe  
  88  7:18  Immortal (Chrono Boost)  
  88  7:21  Probe  
  88  7:22  Probe  
  94  7:25  Probe  
  95  7:32  Pylon  
  95  7:33  Probe  
  96  7:40  Probe x2  
  98  7:45  Probe  
  98  7:51  Photon Cannon  
  99  7:52  Stalker x2  
  99  7:53  Stalker  
  99  7:54  Stalker  
  99  7:55  Probe x2  
  109  8:02  Photon Cannon  
  109  8:04  Observer  
  109  8:05  Protoss Ground Weapons Level 2 (Chrono Boost), Pylon  
  109  8:15  Pylon  
  109  8:21  Immortal  
  109  8:23  Probe  
  109  8:24  Probe  
  109  8:25  Probe  
  116  8:35  Probe, Nexus  
  116  8:36  Pylon  
  116  8:38  Probe x2  
  119  8:47  Probe  
  120  8:51  Zealot x2  
  120  8:54  Pylon  
  120  8:55  Pylon  
  124  8:57  Gateway  
  124  8:59  Probe  
  124  9:00  Gateway  
  124  9:01  Gateway  
  125  9:03  Gateway  
  125  9:07  Probe x2  
  127  9:10  Shield Battery  
  127  9:11  Probe  
  127  9:12  Immortal (Chrono Boost)  
  127  9:13  Pylon  
  132  9:20  Robotics Facility  
  132  9:25  Probe  
  132  9:26  Probe x2  
  135  9:38  Probe x3  
  138  9:41  Immortal (Chrono Boost)  
  142  9:47  Probe  
  142  9:50  Probe x3  
  146  10:01  Probe  
  146  10:02  Probe x3  
  146  10:05  Photon Cannon  
  150  10:07  Protoss Ground Weapons Level 3 (Chrono Boost), Zealot x5, Photon Cannon  
  150  10:08  Zealot x2  
  150  10:09  Zealot, Nexus  
  166  10:20  Forge  
  166  10:23  Pylon  
  166  10:28  Pylon  
  166  10:31  Immortal  
  170  10:37  Pylon  
  170  10:41  Immortal  
  170  10:42  Photon Cannon  
  174  10:45  Probe x2  
  174  10:46  Shield Battery, Probe  
  174  10:47  Probe  
  174  10:48  Photon Cannon  
  178  10:53  Photon Cannon  
  178  10:55  Photon Cannon  
  178  11:03  Zealot x5  
  188  11:08  Zealot x2  
  188  11:11  Zealot  
  193  11:21  Immortal, Nexus  
  191  11:43  Zealot x3  
  191  11:44  Zealot  
  195  11:49  Immortal  
  199  12:11  Zealot x2  
  199  12:12  Zealot  
  199  12:13  Zealot x4  
  177  12:20  Zealot  
  131  12:23  Immortal  
  131  12:28  Immortal  
  123  12:31  Protoss Shields Level 1 (Chrono Boost)  
  123  12:32  Stalker  
  123  12:33  Stalker x5  
  123  12:34  Stalker  
  133  12:50  Gateway  
  133  12:51  Gateway  
  133  12:52  Gateway  
  133  12:53  Gateway, Pylon  
  133  12:54  Pylon  
  133  12:55  Protoss Ground Armor Level 1 (Chrono Boost)  
  133  12:57  Pylon  
  133  12:59  Immortal (Chrono Boost)  
  133  13:00  Gateway  
  133  13:01  Gateway  
  133  13:02  Zealot x2  
  133  13:03  Zealot x6  
  133  13:04  Gateway, Immortal (Chrono Boost)  
  153  13:08  Pylon  
  153  13:12  Assimilator  
  157  13:14  Photon Cannon  
  157  13:15  Assimilator  
  157  13:18  Shield Battery, Photon Cannon  
  157  13:21  Photon Cannon  
  157  13:24  Photon Cannon  
  157  13:25  Photon Cannon  
  157  13:26  Photon Cannon  
  157  13:27  Photon Cannon  
  157  13:29  Immortal (Chrono Boost), Photon Cannon  
  157  13:33  Immortal (Chrono Boost)  
  159  13:57  Protoss Shields Level 2 (Chrono Boost)  
  159  13:58  Immortal (Chrono Boost)  
  159  14:01  Probe (Chrono Boost)  
  168  14:03  Probe (Chrono Boost), Immortal (Chrono Boost)  
  168  14:04  Probe x2 (Chrono Boost)  
  168  14:05  Probe (Chrono Boost)  
  173  14:11  Probe (Chrono Boost)  
  173  14:15  Zealot x4  
  173  14:16  Probe (Chrono Boost), Zealot x6  
  173  14:17  Zealot x3  
  187  14:33  Immortal  
  142  14:42  Immortal  
  116  14:49  Stalker x3  
  116  14:50  Stalker  
  116  14:51  Stalker x6  
  116  14:52  Stalker x5  
  150  15:05  Immortal (Chrono Boost)  
  154  15:14  Zealot x5  
  154  15:15  Zealot x6  
  154  15:16  Zealot x4  
  154  15:18  Immortal (Chrono Boost)  
  184  15:28  Protoss Ground Armor Level 2 (Chrono Boost)  
  188  15:37  Immortal (Chrono Boost)  
  188  15:41  Nexus  
  188  15:42  Pylon  
  192  15:43  Zealot x2  
  192  15:44  Zealot x2, Pylon  
  182  16:01  Immortal  
  182  16:03  Zealot x2  
  182  16:04  Protoss Shields Level 3 (Chrono Boost), Zealot x3  
  176  16:05  Zealot x7  
  176  16:06  Zealot x3  
  196  16:31  Shield Battery  
  164  16:36  Warp Prism (Chrono Boost)  
  164  16:39  Zealot x4  
  158  16:40  Stalker, Zealot x4  
  158  16:41  Stalker x3  
  158  16:42  Stalker x3  
  144  17:04  Zealot x3  
  144  17:05  Zealot x7  
  144  17:06  Zealot x5  
  174  17:10  Immortal (Chrono Boost)  
  174  17:11  Immortal (Chrono Boost)  
  180  17:18  Photon Cannon  
  180  17:20  Photon Cannon  
  180  17:30  Stalker x2, Zealot x3  
  180  17:31  Stalker x4  
  180  17:33  Stalker  
  200  17:39  Protoss Ground Armor Level 3 (Chrono Boost)  
  200  17:54  Assimilator  
  200  17:56  Assimilator  
  194  18:23  Observer  
  194  18:24  Immortal (Chrono Boost)  
  179  18:33  Nexus  
  151  18:35  Pylon  
  151  18:37  Zealot x3  
  151  18:38  Zealot x7  
  151  18:39  Stalker x4, Zealot  
  179  18:42  Immortal (Chrono Boost)  
  183  18:52  Pylon  
  183  18:54  Assimilator  
  183  18:59  Assimilator  
  183  19:01  Gravitic Boosters, Pylon  
  183  19:02  Photon Cannon  
  183  19:04  Observer (Chrono Boost)  
  183  19:05  Photon Cannon  
  183  19:08  Shield Battery, Robotics Facility, Photon Cannon  
  184  19:11  Immortal (Chrono Boost)  
  184  19:14  Immortal  
  192  19:17  Zealot x2  
  192  19:18  Zealot x2  
  162  19:58  Stalker x4  
  162  19:59  Zealot x2  
  158  20:00  Zealot x2  
  158  20:01  Zealot x5  
  158  20:02  Zealot  
  158  20:11  Stalker  
  117  20:21  Stalker  
  117  20:22  Stalker x4  
  117  20:23  Stalker x7  
  117  20:24  Stalker x2  
  125  20:44  Stalker  
  125  20:45  Stalker  
  125  20:46  Stalker x6  
  125  20:47  Stalker x6  
  125  20:48  Stalker  
Tags
 
Add a new tag
Caveats
  • Supply blocks, unpowered buildings, or Contaminate may cause inaccurate times.
  • Supply counts are checked every 10 seconds.